 Dungeon Crawl Stone Soup version 0.24.0-2-g5b39cebb1c (webtiles) character file.

Game seed: 11500755174428895867, levelgen mode: deterministic

189 Mrkan the Chopper (level 5, 0/47 HPs)
             Began as a Minotaur Fighter on Oct 31, 2019.
             Succumbed to a big kobold's poison
             ... in a sewer.
             The game lasted 00:05:04 (1519 turns).

Mrkan the Chopper (Minotaur Fighter)                Turns: 1519, Time: 00:05:07

Health: 0/47       AC:  7    Str: 21    XL:     5   Next: 40%
Magic:  4/4        EV:  5    Int:  5    God:
Gold:   89         SH: 14    Dex: 10    Spells: 4/4 levels left

rFire    . . .     SeeInvis .   a - +0 war axe
rCold    . . .     Gourm    .   n - +0 large shield (curse)
rNeg     . . .     Faith    .   b - +0 scale mail
rPois    .         Spirit   .   (helmet restricted)
rElec    .         Reflect  .   (no cloak)
rCorr    .         Harm     .   (no gloves)
MR       .....                  (no boots)
Stlth    ..........             (no amulet)
HPRegen  0.15/turn              (no ring)
MPRegen  0.09/turn              (no ring)

@: lethally poisoned (0 -> -6)
A: retaliatory headbutt, horns 2
a: no special abilities


You were in a sewer.
You were not hungry.

You visited 1 branch of the dungeon, and saw 3 of its levels.
You also visited: Sewer.

You collected 89 gold pieces.

Inventory:

Hand Weapons
 a - a +0 war axe (weapon)
Armour
 b - a +0 scale mail (worn)
 n - a cursed +0 large shield (worn)
Scrolls
 e - 2 scrolls of enchant weapon {unknown}
 h - 2 scrolls of teleportation {unknown}
 j - a scroll of remove curse {unknown}
 k - a scroll of identify {unknown}
 m - a scroll of amnesia {unknown}
Potions
 d - a potion of might
 l - a potion of haste {unknown}
 o - a potion of ambrosia {unknown}
 p - a potion of brilliance {unknown}
 r - a potion of mutation {unknown}
Comestibles
 f - 2 rations


   Skills:
 + Level 4.5 Fighting
 * Level 4.8 Axes
 + Level 4.5 Armour
 + Level 4.6 Shields


You had 4 spell levels left.
You didn't know any spells.
Your spell library was empty.

Dungeon Overview and Level Annotations

Branches:
Dungeon (3/15)              Sewer (1/1)

Altars:


Innate Abilities, Weirdness & Mutations

You reflexively headbutt those who attack you in melee.
You have a pair of horns on your head.


Message History

* * * LOW HITPOINT WARNING * * *
You feel sick. You block the jackal's attack.
The jackal splashes around in the water.
Unknown command.
You slash the jackal!
You kill the jackal!
* * * LOW HITPOINT WARNING * * *
You feel sick.
You cannot move.
It was a potion of agility.
You feel agile all of a sudden.
* * * LOW HITPOINT WARNING * * *
You feel sick.
It was a potion of cancellation.
Your magical effects are unravelling.
You feel magically purged.
You feel less wooden.
Your +0 scale mail unmelds from your body.
You feel a little less agile now.
You die...

... .. ####.####
#...≈...# #.≈≈≈≈.≈#
#.≈≈≈≈≈≈# #≈≈≈≈≈≈†#
#≈≈≈≈≈)†# #.≈≈≈≈(@#
#.≈≈≈≈≈≈#
#..≈≈≈.≈################
#≈≈≈≈≈≈≈≈≈≈≈≈≈≈≈≈≈≈≈≈≈≈≈
#.≈≈≈≈.≈################
##.≈≈≈≈## #.≈≈≈.#
###.≈≈≈.# #∩..≈≈≈.#


There were no monsters in sight!

Vanquished Creatures
  A big kobold (Sewer)
  2 adders (D:2)
  3 river rats
  3 worms
  A dart slug (D:1)
  4 leopard geckos (D:3)
  5 bats
  3 giant cockroaches (D:1)
  6 goblins
  5 hobgoblins (D:1)
  6 jackals
  6 kobolds
  A frilled lizard (D:2)
  11 rats
57 creatures vanquished.

Notes
Turn   | Place    | Note
-------+----------+-------------------------------------------
     0 | D:1      | Mrkan the Minotaur Fighter began the quest for the Orb.
     0 | D:1      | Reached XP level 1. HP: 19/19 MP: 0/0
    52 | D:1      | Reached XP level 2. HP: 26/27 MP: 1/1
   292 | D:1      | Reached XP level 3. HP: 30/33 MP: 2/2
  1069 | D:3      | Reached XP level 4. HP: 40/40 MP: 3/3
  1151 | D:3      | Found a glowing drain.
  1155 | Sewer    | Entered a sewer
  1490 | Sewer    | Noticed a big kobold
  1509 | Sewer    | Killed a big kobold
  1509 | Sewer    | Reached XP level 5. HP: 11/47 MP: 4/4
  1515 | Sewer    | HP: 3/70 [poisoned by a big kobold]
  1517 | Sewer    | HP: 1/70 [poisoned by a big kobold]
  1519 | Sewer    | Succumbed to a big kobold's poison

Levels and vault maps discovered:
D:1:      minmay_arrival_solitary_statue, layout_rooms
D:2:      layout_rooms, kennysheep_generic_room_14
D:3:      layout_loops_ring, first_ration, gup_sewer_entry_spiral,
          uniq_crazy_yiuf_cottage
Sewer:    sewer_kobolds

Skill      XL: |  1  2  3  4 |
---------------+-------------+-----
Axes           | 3 4 |  4.8
Shields        | 4 |  4.6
Fighting       | 4 |  4.5
Armour         | 4 |  4.5

Action                   |  1- 3 |  4- 6 || total
-------------------------+-------+-------++-------
Melee: War axe           |   105 |    57 ||   162
       Headbutt          |    14 |     9 ||    23
  Use: Potion            |       |     3 ||     3
  Eat: Chunk             |       |     2 ||     2
Armor: Scale mail        |    66 |    13 ||    79
       Skin              |       |     6 ||     6
Dodge: Dodged            |    40 |    13 ||    53
Block: Shield            |    41 |       ||    41
       Large shield      |    42 |    44 ||    86
